 Dungeon Crawl Stone Soup version 0.28-a0-425-gd0eccab798 (webtiles) character file.

Game seed: 4607926808529292842

4 mg7810 the Sneak (level 1, -5/19 HPs)
             Began as a Draconian Delver on Sept 9, 2021.
             Slain by an iguana (10 damage)
             ... on level 4 of the Dungeon.
             The game lasted 00:02:39 (178 turns).

mg7810 the Sneak (Draconian Delver)                  Turns: 178, Time: 00:02:40

Health: -5/19      AC:  4    Str: 14    XL:     1   Next: 50%
Magic:  1/1        EV: 12    Int: 10    God:
Gold:   0          SH:  0    Dex: 12    Spells: 0/0 levels left

rFire   . . .      SeeInvis .   g - +0 war axe
rCold   . . .      Faith    .   (no shield)
rNeg    . . .      Spirit   .   (armour unavailable)
rPois   .          Reflect  .   (helmet restricted)
rElec   .          Harm     .   (no cloak)
rCorr   .          Rampage  .   (no gloves)
Will    .....                   (no boots)
Stlth   +++.......              (no amulet)
HPRegen 0.06/turn               (no ring)
MPRegen 0.07/turn               (no ring)

@: hasted, very quick
A: AC +4, unfitting armour, cold-blooded
a: no special abilities


You were on level 4 of the Dungeon.
You visited 1 branch of the dungeon, and saw 2 of its levels.

Inventory:

Hand Weapons
 a - a +0 hand axe
 g - a +0 war axe (weapon)
Wands
 f - a wand of digging (3)
Scrolls
 h - 2 scrolls of identify


   Skills:
 + Level 3.2 Fighting
 + Level 2.0 Axes
 + Level 1.7 Dodging
 + Level 4.6 Stealth
 * Level 0.8 Evocations


You couldn't memorise any spells.
You didn't know any spells.
Your spell library was empty.

Dungeon Overview and Level Annotations

Branches:
Dungeon (5/15)
 Temple: D:4-7

Altars:

Annotations:
D:4 Robin


Innate Abilities, Weirdness & Mutations

Your plain brown scales are hard. (AC +4)
You cannot fit into any form of body armour.
You are cold-blooded and may be slowed by cold attacks.


Message History

Cornered, the goblin turns to fight!
A goblin comes into view. It is wielding a +0 dagger.
Cornered, the iguana turns to fight!
A goblin comes into view.
It is wielding a +0 club. 4 goblins and a hobgoblin come into view.
The hobgoblin is quivering poisoned darts.
The hobgoblin shouts!
The goblin shouts!
The goblin shouts!
You hit the goblin.
Your tail-slap misses the goblin.
The goblin is severely wounded.
You barely miss the goblin. The goblin hits you with a +0 club.
The goblin hits you but does no damage.
You closely miss the goblin.
The goblin is severely wounded.
You hit the goblin but do no damage.
The goblin seems to regain its courage.
The jelly seems to regain its courage.
The goblin closely misses you. The goblin hits you with a +0 dagger.
* * * LOW HITPOINT WARNING * * *
The iguana hisses menacingly.
As you read the scroll of fog, it crumbles to dust.
The scroll dissolves into smoke.
The goblin hits you but does no damage.
You miss the goblin.
The goblin is severely wounded.
You closely miss the goblin. The goblin hits you but does no damage.
The goblin barely misses you.
You hit the goblin.
You kill the goblin!
You barely miss the goblin. You slash the goblin!
You kill the goblin!
You hit the hobgoblin but do no damage. You closely miss the hobgoblin.
You hit the goblin.
You kill the goblin!
The hobgoblin closely misses you. The goblin barely misses you.
You hit the hobgoblin.
The hobgoblin is lightly wounded.
You hit the iguana but do no damage. You barely miss the goblin.
The iguana bites you!
Ouch! That really hurt!
You die... ***8*,* ***,,,,,* *,,,,*,*,,,,,, ,,***,* *,,,,.* *,,,,*,,,,,,,, *****,* *,,,,.## **,*****,,,,,, *,,,,,*****,,,,..# *,# *,,,,,, ,,,,,,,,,******#.####.## *,,,,,, ,,,,,,,,,* #.§.gJ..# *,,,,,* ,,,,,,,,,* #Jgg§...# *,,,*** ,,,,,,,,,**** #ggg.gg.#

*,,,*,*
*,******,,,,*
#@##*#.#*
*,,,*** *,*
*,,,,* #l§#
#.# *,,,,,*
*,* *,,,,*
##§###.#
*,,,,,,
*,******,,,,*
#§.##.#
*,,,,,,
,,,,,,,,,,,,*
##.##.#
*,,,,,,
*,******,,,,*
#l.#.#
*******
*,,,,,,*,,,,*
##.#.#
*,****,*,,,,*
#.#.#
******,*,,,,*
#...#


You could see an iguana, a jelly, a hobgoblin and 4 goblins.

Vanquished Creatures
  3 goblins (D:4)
3 creatures vanquished.

Notes
Turn   | Place    | Note
-------+----------+-------------------------------------------
     0 | D:5      | mg7810 the Draconian Delver began the quest for the Orb.
     0 | D:5      | Reached XP level 1. HP: 19/19 MP: 1/1
    50 | D:5      | Noticed an iguana
    70 | D:5      | Noticed a black bear
   156 | D:4      | Noticed Robin
   156 | D:4      | Noticed a jelly
   178 | D:4      | Slain by an iguana

Illustrated notes

Levels and vault maps discovered:
D:4:      layout_basic, pdpol_wu_jian_five_deadly_venoms,
          lightli_ossuary_entry_decrepit_ruins, uniq_robin, uniq_grinder
D:5:      layout_basic, chequers_serial_rivers_small_b, uniq_prince_ribbit1,
          uniq_pikel, uniq_blork_the_orc

Action                   || total
-------------------------++-------
Melee: War axe           ||     7
  Use: Scroll            ||     4
       Potion            ||     1
Armor: Skin              ||     3
Dodge: Dodged            ||     5

Table legend: (Time is in decaauts)
 A = Elapsed time spent in this place.
 B = Non-inter-level travel time spent in this place.
 C = Inter-level travel time spent in this place.
 D = Time resting spent in this place.
 E = Time spent auto-exploring this place.
 F = Levels seen in this place.
 G = Mean time per level.
                   A        B        C        D        E       F      G
               +--------+--------+--------+--------+--------+-----+--------+
         Total |    170 |    170 |      0 |      0 |     10 |   2 |   85.0 |
       Dungeon |    170 |    170 |      0 |      0 |     10 |   2 |   85.0 |
               +--------+--------+--------+--------+--------+-----+--------+

Top non-repeatable levels by time:
     D:5: 149 daAuts
     D:4: 20 daAuts
